 Dungeon Crawl Stone Soup version 0.30.0-5-g1a98f26d00 (webtiles) character file.

Game seed: 4927979150299389382

12662 pleonasm the Fighter (level 11, -2/82 HPs)
             Began as a Demonspawn Delver on May 12, 2023.
             Was a Priest of Hepliaklqana.
             Slain by a polar bear (5 damage)
             ... on level 1 of the Lair of Beasts.
             The game lasted 01:10:40 (11534 turns).

pleonasm the Fighter (Demonspawn Delver)           Turns: 11534, Time: 01:10:44

Health: -2/82      AC: 14    Str: 17    XL:     11   Next: 65%
Magic:  11/11      EV: 21    Int: 12    God:    Hepliaklqana [***...]
Gold:   729        SH: 10    Dex: 14    Spells: 9/10 levels left

rFire   . . .        a - +0 trident
rCold   . . .        R - +0 buckler
rNeg    . . .        A - +0 ring mail
rPois   .            y - +0 hat
rElec   +            P - +0 cloak
rCorr   +            h - +2 pair of gloves of the Fife {rElec}
SInv    .            S - +0 pair of boots
Will    .....        z - amulet of reflection
Stlth   ++           e - ring of resist corrosion
HPRegen 0.33/turn    o - +5 ring of evasion
MPRegen 0.12/turn

%: reflection
@: mighty, agile
A: reduced essence, antennae 2, icy blue scales 1, ignite blood 1, powered by
pain 3
a: Renounce Religion, Recall Ancestor, Ancestor Identity, Transference


You were on level 1 of the Lair of Beasts.
You worshipped Hepliaklqana.
Hepliaklqana was most pleased with you.
You visited 3 branches of the dungeon, and saw 12 of its levels.

You collected 729 gold pieces.

Inventory:

Hand Weapons
 a - a +0 trident (weapon)
 b - a +1 sling
 w - a +2 flail of protection
Missiles
 i - 80 stones (quivered)
 q - 2 boomerangs
 u - 26 poisoned darts
Armour
 h - the +2 pair of gloves of the Fife (worn) {rElec}
   (You found it on level 4 of the Dungeon)

   rElec:     It insulates you from electricity.
 n - a +0 chain mail
 r - a +0 scale mail
 y - a +0 hat (worn)
 A - a +0 ring mail (worn)
 P - a +0 cloak (worn)
 Q - a +0 troll leather armour
 R - a +0 buckler (worn)
 S - a +0 pair of boots (worn)
Magical Staves
 N - a staff of poison
Jewellery
 e - a ring of resist corrosion (left hand)
 o - a +5 ring of evasion (right hand)
 z - an amulet of reflection (around neck)
Wands
 g - a wand of digging (2)
 t - a wand of acid (1)
 H - a wand of polymorph (16)
 I - a wand of iceblast (23)
 M - a wand of flame (33)
Scrolls
 c - 2 scrolls of fog
 d - 2 scrolls of magic mapping
 k - a scroll of silence {unknown}
 l - 2 scrolls of noise {unknown}
 p - 2 scrolls of teleportation
 v - a scroll of fear
 x - a scroll of amnesia {unknown}
 D - 4 scrolls of immolation {unknown}
 K - 2 scrolls of blinking
 O - a scroll of vulnerability {unknown}
 T - a scroll of brand weapon {unknown}
 U - a scroll of enchant armour {unknown}
Potions
 f - 3 potions of haste
 j - 3 potions of degeneration {unknown}
 m - a potion of magic
 B - 2 potions of mutation
 C - a potion of ambrosia {unknown}
 E - 2 potions of brilliance
 F - 3 potions of might
 G - 5 potions of heal wounds
 J - a potion of cancellation {unknown}
 L - 3 potions of curing
 V - a potion of flight {unknown}
Miscellaneous
 s - a lightning rod (4/4)


   Skills:
 + Level 10.6 Fighting
 - Level 10.0 Polearms
 + Level 6.1 Ranged Weapons
 - Level 6.0 Armour
 - Level 2.0 Dodging
 - Level 5.0 Stealth
 - Level 5.0 Shields
 + Level 3.5 Conjurations


You had 9 spell levels left.
You knew the following spells:

 Your Spells              Type           Power      Damage    Failure   Level
a - Magic Dart            Conj           32%        1d4       17%         1

Your spell library contained the following spells:

 Spells                   Type           Power      Damage    Failure   Level
 Call Imp                 Summ           0%         N/A       71%         2
 Lesser Beckoning         Tloc           0%         N/A       71%         2
 Mephitic Cloud           Conj/Pois/Air  2%         N/A       78%         3
 Gell's Gravitas          Tloc           0%         N/A       91%         3
 Ignite Poison            Fire/Tmut/Pois 0%         N/A       91%         3
 Teleport Other           Tloc           0%         N/A       91%         3
 Sticky Flame             Conj/Fire      4%         2d3       98%         4
 Ignition                 Fire           0%         3d3       100%        8


Dungeon Overview and Level Annotations

Branches:
Dungeon (10/15)            Temple (1/1) D:7            Lair (1/5) D:10
    Orc (0/2) D:10

Altars:
Ashenzari
Cheibriados
Dithmenos
Fedhas
Gozag
Hepliaklqana
Kikubaaqudgha
Makhleb
Nemelex Xobeh
Okawaru
Qazlal
Ru
Sif Muna
Trog
Uskayaw
Vehumet
Wu Jian
Xom
Yredelemnul
Jiyva

Shops:
D:9 [

Annotations:
D:4 exclusion: ogre
D:7 Maggie


Innate Abilities, Weirdness & Mutations

Your life essence is reduced to manifest your ancestor. (-10% HP)
You have a pair of antennae on your head.
You are partially covered in icy blue scales. (AC +2)
Your demonic aura sometimes causes spilled blood to erupt in flames.
You are powered by pain.


Message History

* * * LOW HITPOINT WARNING * * *
You block the polar bear's attack. x2
Unknown command.
You hit the polar bear but do no damage.
The polar bear is almost dead.
The polar bear bites you but does no damage.
The polar bear completely misses you. The polar bear closely misses you.
The polar bear completely misses you. The polar bear claws you.
* * * LOW HITPOINT WARNING * * *
The polar bear misses you.
Okay, then.
You feel much better. The polar bear barely misses you. x2
You block the polar bear's attack.
You closely miss the polar bear.
The polar bear is almost dead.
The polar bear bites you!
* * * LOW HITPOINT WARNING * * *
The polar bear claws you but does no damage.
The polar bear closely misses you.
You barely miss the polar bear.
The polar bear is almost dead.
The polar bear completely misses you.
The polar bear claws you but does no damage.
You block the polar bear's attack.
You hit the polar bear but do no damage.
The polar bear is almost dead.
The polar bear barely misses you. The polar bear claws you.
* * * LOW HITPOINT WARNING * * *
You block the polar bear's attack. x2; The polar bear barely misses you.
The polar bear misses you.
You feel much better. The polar bear bites you!
You focus on the pain.
You feel very mighty all of a sudden. You block the polar bear's attack.
The polar bear misses you.
You hit the polar bear but do no damage.
The polar bear is severely wounded.
The polar bear bites you!!
* * * LOW HITPOINT WARNING * * *
The polar bear closely misses you. You block the polar bear's attack. x2
The polar bear claws you.
You die...

#.................?.[.
##.P..........#......>
#.###.................
#.#...............†...
####.........††...#..
###......##....#
##.....#...##.#
#####h...## .. #@#####
## ###


You could see a polar bear (berserk).

Vanquished Creatures
  Pikel (D:7)
  A cane toad (Lair:1)
  A komodo dragon (Lair:1)
  A kobold demonologist (D:10)
  A rime drake (Lair:1)
  A troll (D:10)
  2 polar bears (Lair:1)
  3 blink frogs (Lair:1)
  Sigmund (D:5)
  5 wyverns
  11 yaks
  2 acid dragons
  5 water moccasins
  An ice beast (D:6)
  4 black bears
  A wolf (D:10)
  2 centaurs
  An ogre (D:5)
  2 lemures (D:6)
  2 phantoms
  A kobold brigand (D:7)
  6 bullfrogs
  A scorpion (D:5)
  6 killer bees
  2 howler monkeys
  An electric eel (D:6)
  4 jellies (D:9)
  4 hounds
  7 orc priests
  5 orc wizards
  2 iguanas
  9 gnolls
  7 adders
  3 white imps
  2 ufetubi
  3 worms
  3 dart slugs
  26 orcs
  9 endoplasms
  A giant cockroach (D:1)
  7 goblins
  7 hobgoblins
  8 jackals
  11 kobolds
  A quokka (D:2)
  3 ball pythons
  9 bats
  4 frilled lizards
  5 rats
205 creatures vanquished.

Vanquished Creatures (collateral kills)
  A rime drake (Lair:1)
  A troll (D:10)
  2 polar bears (Lair:1)
  A blink frog (Lair:1)
  2 shadows (D:10)
  6 yaks (D:9)
  A wraith (D:9)
  A steam dragon (D:9)
  An acid dragon (D:8)
  5 orc warriors
  4 black bears
  An ogre (D:5)
  A wolf (D:10)
  A centaur (D:8)
  A kobold brigand (D:9)
  A howler monkey (D:7)
  A hound (D:6)
  2 orc priests
  A sleepcap (D:7)
  An iguana (D:5)
  An adder (D:5)
  A dart slug (D:5)
  9 orcs
  4 kobolds
50 creatures vanquished.

Vanquished Creatures (others)
  8 knights
  7 ancestors
15 creatures vanquished.

Grand Total: 270 creatures vanquished

Notes
Turn   | Place    | Note
-------+----------+-------------------------------------------
     0 | D:5      | pleonasm the Demonspawn Delver began the quest for the Orb.
     0 | D:5      | Reached XP level 1. HP: 18/18 MP: 1/1
     3 | D:5      | Noticed Sigmund
    19 | D:5      | Found a burning altar of Makhleb.
    20 | D:5      | Noticed an iguana
    98 | D:5      | Noticed a scorpion
   230 | D:4      | Identified the +2 pair of gloves of the Fife {rElec}
   560 | D:4      | Gained mutation: You sometimes gain a little power by
                  | taking damage. [demonic ancestry]
   560 | D:4      | Reached XP level 2. HP: 16/24 MP: 2/2
   599 | D:4      | Noticed an ogre
   634 | D:4      | Noticed a scorpion
   971 | D:1      | Gained mutation: You sometimes gain power by taking damage.
                  | [demonic ancestry]
   971 | D:1      | Reached XP level 3. HP: 29/29 MP: 3/3
  1652 | D:2      | Gained mutation: Your demonic aura sometimes causes spilled
                  | blood to erupt in flames. [demonic ancestry]
  1652 | D:2      | Reached XP level 4. HP: 25/35 MP: 4/4
  1856 | D:2      | Reached skill level 5 in Stealth
  1862 | D:2      | Reached skill level 1 in Armour
  2058 | D:2      | Reached XP level 5. HP: 34/42 MP: 5/5
  2411 | D:3      | Found a faded altar of an unknown god.
  2702 | D:3      | Reached skill level 1 in Ranged Weapons
  2867 | D:3      | Found a hazy altar of Hepliaklqana.
  2872 | D:3      | Became a worshipper of Hepliaklqana the Forgotten
  3335 | D:4      | Reached XP level 6. HP: 19/48 MP: 6/6
  4328 | D:5      | Reached skill level 5 in Polearms
  4328 | D:5      | Gained mutation: You are partially covered in icy blue
                  | scales. (AC +2) [demonic ancestry]
  4328 | D:5      | Reached XP level 7. HP: 25/55 MP: 7/7
  4555 | D:6      | Reached skill level 5 in Fighting
  4875 | D:6      | Reached XP level 8. HP: 63/63 MP: 8/8
  4917 | D:6      | Found an ornate altar of the Wu Jian Council.
  4917 | D:6      | Found a hide-covered altar of Uskayaw.
  4917 | D:6      | Found a basalt altar of Yredelemnul.
  5108 | D:6      | Reached * piety under Hepliaklqana
  5480 | D:5      | Killed Sigmund
  6272 | D:5      | Gained mutation: You have a pair of small antennae on your
                  | head. [demonic ancestry]
  6272 | D:5      | Reached XP level 9. HP: 63/63 MP: 9/9
  6676 | D:7      | Noticed Pikel
  7060 | D:7      | Killed Pikel
  7297 | D:7      | Noticed Maggie
  7332 | D:7      | Found a staircase to the Ecumenical Temple.
  7338 | Temple   | Entered the Ecumenical Temple
  7775 | D:8      | Found an iron altar of Okawaru.
  7789 | D:8      | Found a sparkling altar of Nemelex Xobeh.
  7841 | D:8      | Reached skill level 5 in Armour
  8031 | D:8      | Reached ** piety under Hepliaklqana
  8032 | D:8      | Remembered your ancestor Wolf as a knight
  8053 | D:8      | Found a bloodstained altar of Trog.
  8440 | D:8      | Found a radiant altar of Vehumet.
  8456 | D:8      | Found a broken altar of Ashenzari.
  8892 | D:9      | Gained mutation: You are powered by pain. [demonic
                  | ancestry]
  8892 | D:9      | Reached XP level 10. HP: 39/72 MP: 10/10
  9078 | D:9      | Reached skill level 10 in Polearms
  9092 | D:9      | Reached skill level 1 in Shields
  9114 | D:9      | Found a viscous altar of Jiyva.
  9199 | D:9      | Found Ypuhic's Armour Boutique.
  9410 | D:9      | Found an opulent altar of Gozag.
  9860 | D:10     | Entered Level 10 of the Dungeon
  9942 | D:10     | Reached *** piety under Hepliaklqana
 10230 | D:10     | Noticed a sun demon
 10670 | D:10     | Gained mutation: You have a pair of antennae on your head.
                  | [demonic ancestry]
 10670 | D:10     | Reached XP level 11. HP: 80/80 MP: 11/11
 10702 | D:10     | Found a staircase to the Lair.
 10778 | D:10     | Found a staircase to the Orcish Mines.
 11099 | Lair:1   | Entered Level 1 of the Lair of Beasts
 11137 | Lair:1   | Learned a level 1 spell: Magic Dart
 11157 | Lair:1   | Reached skill level 5 in Ranged Weapons
 11161 | Lair:1   | Reached skill level 10 in Fighting
 11161 | Lair:1   | Reached skill level 1 in Conjurations
 11247 | Lair:1   | Reached skill level 5 in Shields
 11367 | Lair:1   | Reached **** piety under Hepliaklqana
 11534 | Lair:1   | HP: 3/82 [polar bear (24)]
 11534 | Lair:1   | Slain by a polar bear

Illustrated notes

Levels and vault maps discovered:
D:1:      minmay_arrival_semitransparent, layout_basic
D:2:      layout_rooms, minmay_tree_intersection, minmay_gold_behind_fungi
D:3:      layout_rooms, worldfamousw_hep_ancestral_shrine,
          nicolae_ecumenical_lake_church
D:4:      layout_gridville
D:5:      layout_basic, lemuel_tele_altar, uniq_sigmund
D:6:      layout_loops_ring, gammafunk_temple_overflow_claw, serial_bayou_ford_a
D:7:      layout_cave_pods, minmay_temple_entry_wispy, uniq_maggie, uniq_pikel
D:8:      statuecave_lemuel, layout_cave_pools, general_overflow_altar,
          nicolae_overflow_quartered_altars, mainiacjoe_overflow_24_doors,
          minmay_misc_feat_pillars, dreamdust_mushroom_princess
D:9:      layout_long_grid, grunt_gozag_statues, serial_shops, shop,
          minmay_misc_feat_encased, jiyva_altar_1
D:10:     layout_stronghold, minmay_lair_entry_grove, orc_0_dummy,
          serial_co_window_serial, co_window_paths_a, co_window_paths_b,
          co_window_paths_b, co_window_paths_b, co_window_paths_a,
          co_window_paths_a, co_window_corner_a, co_window_2corner,
          co_window_cross_4, co_window_corner_cb, co_window_corner_cb,
          glass_columns_b, glass_columns_a, glass_columns_a, glass_columns_a,
          minivault_26
Temple:   hellmonk_temple_rainy
Lair:1:   beast_lair_carwin_large_4, layout_cave_shapes

Skill      XL: |  1  2  3  4  5  6  7  8  9 10 11 |
---------------+----------------------------------+-----
Polearms       | 2 3 4 5 6 7 9 10 | 10.0
Dodging        | 2 |  2.0
Stealth        | 5 |  5.0
Armour         | 1 2 4 5 6 |  6.0
Fighting       | 4 5 6 7 9 10 | 10.6
Ranged Weapons | 1 2 4 6 |  6.1
Shields        | 4 5 |  5.0
Conjurations   | 3 |  3.5

Action                     |  1- 3 |  4- 6 |  7- 9 | 10-12 || total
---------------------------+-------+-------+-------+-------++-------
  Melee: Spear             |   228 |   349 |    10 |       ||   587
         Punch             |     2 |     2 |     7 |       ||    11
         Trident           |       |       |   297 |   121 ||   418
   Fire: Sling             |       |    14 |   175 |   262 ||   451
  Throw: Stone             |    16 |     6 |       |       ||    22
         Dart              |     5 |     1 |       |       ||     6
 Invoke: Recall Ancestor   |       |       |     3 |     1 ||     4
         Ancestor Life: Kn |       |       |     1 |       ||     1
         Idealise          |       |       |       |     1 ||     1
  Evoke: Wand              |       |       |     1 |       ||     1
         Lightning rod     |       |       |       |     1 ||     1
    Use: Scroll            |     1 |     4 |     2 |     6 ||    13
         Potion            |       |     3 |       |     3 ||     6
   Stab: Sleeping          |     6 |     4 |     7 |     2 ||    19
         Distracted        |       |     1 |     3 |       ||     4
 Armour: Leather armour    |    33 |     1 |       |       ||    34
         Ring mail         |       |    69 |    76 |    44 ||   189
         Skin              |       |    16 |       |       ||    16
  Dodge: Dodged            |   134 |   238 |   225 |    94 ||   691
  Block: Other             |       |       |    54 |       ||    54
         Reflection        |       |       |     1 |       ||     1
         Buckler           |       |       |    10 |    86 ||    96
